 Dungeon Crawl Stone Soup version 0.31.0-9-g3a7656b989 (console) character file.

Game seed: 7549161863180615429

40 AlterAsc the Sneak (level 3, 0/24 HPs)
             Began as a Vampire Enchanter on Jan 28, 2024.
             Slain by an adder (2 damage)
             ... on level 2 of the Dungeon on Jan 29, 2024.
             The game lasted 00:03:58 (1255 turns).

AlterAsc the Sneak (Vampire Enchanter)              Turns: 1255, Time: 00:03:59

Health: 0/24       AC:  3    Str:  7    XL:     3   Next: 30%
Magic:  2/6        EV: 12    Int: 19    God:
Gold:   47         SH:  0    Dex: 14    Spells: 4/6 levels left

rFire   . . .        a - +1 dagger
rCold   . . .        (no shield)
rNeg    . . .        b - +0 robe
rPois   .            (no helmet)
rElec   .            d - +0 cloak
rCorr   .            (no gloves)
SInv    +            (no boots)
Will    .....        (no amulet)
Stlth   +++          (no ring)
HPRegen 0.44/turn    (no ring)
MPRegen 0.10/turn

%: no passive effects
@: lethally poisoned (0 -> -3), healing quickly, invisible
A: alive, fangs 3, see invisible, vampiric 2
a: Exsanguinate


You were on level 2 of the Dungeon.
You visited 1 branch of the dungeon, and saw 2 of its levels.

You collected 47 gold pieces.

Inventory:

Hand Weapons
 a - a +1 dagger (weapon)
Armour
 b - a +0 robe (worn)
 d - a +0 cloak (worn)
Jewellery
 h - an amulet of faith
Scrolls
 e - 2 scrolls of identify {unknown}
 g - a scroll of revelation {unknown}
Potions
 c - a potion of invisibility
 f - a potion of enlightenment {unknown}


   Skills:
 - Level 1.1 Short Blades
 - Level 2.1 Dodging
 + Level 5.7 Stealth
 - Level 2.0 Spellcasting
 + Level 5.5 Hexes


You had 4 spell levels left.
You knew the following spells:

 Your Spells              Type           Power      Damage    Failure   Level
a - Ensorcelled Hibernat  Hex/Ice        24%        N/A       9%          2

Your spell library contained the following spells:

 Spells                   Type           Power      Damage    Failure   Level
 Confusing Touch          Hex            23%        N/A       5%          3
 Tukima's Dance           Hex            23%        N/A       5%          3
 Dazzling Flash           Conj/Hex       24%        N/A       16%         3
 Fugue of the Fallen      Necr           1%         N/A       45%         3
 Anguish                  Hex/Necr       6%         N/A       47%         4


Dungeon Overview and Level Annotations

Branches:
Dungeon (2/15)

Altars:

Annotations:
D:2 Sigmund


Innate Abilities, Weirdness & Mutations

Your natural rate of healing is accelerated.
You have razor-sharp teeth.
You have supernaturally acute eyesight. (SInv)
You are afflicted with vampirism and can become a bat while bloodless.


Message History

The adder is lightly wounded.
The giant cockroach misses you. The adder barely misses you.
You closely miss the adder.
The adder is lightly wounded.
The adder misses you. The giant cockroach barely misses you.
You closely miss the adder.
The adder is lightly wounded.
The adder bites you.
You are poisoned.
The adder poisons you! The giant cockroach bites you. The adder bites you.
You are more poisoned.
The adder poisons you!
The giant cockroach bites you but does no damage.
You closely miss the adder. Your bite misses the adder.
The adder is lightly wounded.
You feel sick. The adder bites you.
You are more poisoned.
The adder poisons you!
The giant cockroach bites you but does no damage.
Your magical contamination has completely faded away.
You barely miss the adder.
The adder is lightly wounded.
You feel very sick. The adder bites you. The giant cockroach barely misses you.
You barely miss the adder. You bite the adder.
The adder is moderately wounded.
You feel sick. The adder bites you.
* * * LOW HITPOINT WARNING * * *
The giant cockroach bites you.
* * * LOW HITPOINT WARNING * * *
You fade into invisibility!
* * * LOW HITPOINT WARNING * * *
You feel sick. The adder barely misses you.
The giant cockroach barely misses you. The adder misses you.
Keep bloodletting?
* * * LOW HITPOINT WARNING * * *
You feel sick. The giant cockroach barely misses you.
The adder bites you but does no damage.
You begin bloodletting.
You continue bloodletting.
* * * LOW HITPOINT WARNING * * *
You feel sick. The giant cockroach closely misses you. The adder bites you.
You die...

..........# ..........#
..........#########
..................#
.....[............#
..................####
>.....SB.#............
.......@...........#
..................######
..............)...##.<..
..................#.....
.........††.....[......#
....$.....).........####
####...............#####
.....###.....>........
..... ##........†..$.
##... #............† #..
#........#.###


You could see an adder (unable to see you) and a giant cockroach (unable to see
you).

Vanquished Creatures
  3 dart slugs (D:1)
  5 bats
  3 endoplasms
  A giant cockroach (D:1)
  2 goblins (D:1)
  3 hobgoblins (D:1)
  3 kobolds (D:1)
  3 quokkas
  3 ball pythons (D:1)
  3 frilled lizards
  2 rats (D:1)
31 creatures vanquished.

Notes
Turn   | Place    | Note
-------+----------+-------------------------------------------
     0 | D:1      | AlterAsc the Vampire Enchanter began the quest for the Orb.
     0 | D:1      | Reached XP level 1. HP: 13/13 MP: 3/3
     1 | D:1      | Noticed an electric eel
   246 | D:1      | Reached XP level 2. HP: 19/19 MP: 5/5
   250 | D:1      | Reached skill level 5 in Stealth
   280 | D:1      | Learned a level 2 spell: Ensorcelled Hibernation
   408 | D:1      | Reached skill level 5 in Hexes
   470 | D:1      | Found a faded altar of an unknown god.
   918 | D:1      | Gained mutation: You are afflicted with vampirism and can
                  | become a bat while bloodless. [Vampire growth]
   918 | D:1      | Reached XP level 3. HP: 24/24 MP: 1/6
  1203 | D:2      | Noticed Sigmund
  1255 | D:2      | Slain by an adder

Illustrated notes

Levels and vault maps discovered:
D:1:      arrival_aquarium_a, layout_loops_corners, basic_ecumenical_altar
D:2:      layout_rooms, dk_vineyard_2, uniq_sigmund

Skill      XL: |  1  2 |
---------------+-------+-----
Stealth        | 5 |  5.7
Hexes          | 5 |  5.5
Short Blades   | |  1.1
Dodging        | |  2.1
Spellcasting   | |  2.0

Action                     || total
---------------------------++-------
  Melee: Dagger            ||    83
         Punch             ||     1
         Bite              ||     1
   Cast: Ensorcelled Hiber ||    12
Ability: Exsanguinate      ||     1
    Use: Potion            ||     1
   Stab: Sleeping          ||    17
 Armour: Robe              ||    50
  Dodge: Dodged            ||    50
